 Dungeon Crawl Stone Soup version 0.19-GnollCrawlA-1-g03664ee (webtiles) character file.

515 PurpleRed the Poker (level 1, -1/19 HPs)
             Began as a Minotaur Berserker on Sept 1, 2016.
             Was a Believer of Trog.
             Slain by a gnoll
             ... wielding a +0 flail
              (9 damage)
             ... on level 3 of the Lair of Beasts.
             The game lasted 00:17:42 (3479 turns).

PurpleRed the Poker (Minotaur Berserker)            Turns: 3479, Time: 00:17:43

Health: -1/19      AC: 10    Str: 21    XL:     1   Next: 0%
Magic:  0/0        EV: 16    Int:  4    God:    Trog [**....]
Gold:   166        SH:  4    Dex: 14    Spells: 0 memorised, 0 levels left

rFire  . . .     SeeInvis .     o - +0 trident (pierce)
rCold  . . .     Gourm    .     A - +0 scale mail
rNeg   + . .     Faith    .     (no shield)
rPois  .         Spirit   .     (helmet restricted)
rElec  .         Dismiss  .     (no cloak)
rCorr  .         Reflect  +     r - +0 pair of gloves
SustAt .         Harm     .     n - +2 pair of boots
MR     .....                    j - +4 amulet of reflection
Stlth  +.........               (no ring)
                                q - ring of positive energy

@: agile, exhausted, slowed, very slow
A: retaliatory headbutt, horns 2
a: Berserk, Trog's Hand, Burn Spellbooks, Renounce Religion


You were on level 3 of the Lair of Beasts.
You worshipped Trog.
Trog was pleased with you.
You were not hungry.

You visited 2 branches of the dungeon, and saw 14 of its levels.

You collected 166 gold pieces.

Inventory:

Hand Weapons
 a - a +0 spear
 o - a +0 trident of piercing (weapon)
Missiles
 g - 16 bolts
Armour
 e - a +0 leather armour
 k - the +1 robe "Atwen" {rPois Regen+ Slay-5, unknown}
   (You found it on level 2 of the Lair of Beasts)

   It affects your accuracy and damage with ranged weapons and melee attacks
   (-5).
   It protects you from poison.
   It increases your rate of regeneration.
 n - a +2 pair of boots (worn)
 r - a +0 pair of gloves (worn)
 A - a +0 scale mail (worn)
Jewellery
 j - a +4 amulet of reflection (around neck)
 q - a ring of positive energy (left hand)
 C - an uncursed ring of positive energy
Wands
 l - a wand of random effects (48/48)
 D - a wand of lightning (8/15)
Scrolls
 b - a scroll of enchant armour
 s - 2 scrolls of immolation
 y - a scroll of remove curse
 E - a scroll of recharging
Potions
 d - a potion of magic
 h - a potion of cure mutation {unknown}
 i - 3 potions of berserk rage
 m - a potion of cancellation {unknown}
 w - a potion of curing
 x - 2 potions of degeneration {unknown}
 B - a potion of mutation {unknown}
Books
 t - a book of Unlife

   Spells                             Type                      Level
   a - Recall                         Summoning/Translocation      3
   b - Animate Dead                   Necromancy                   4
   c - Control Undead                 Necromancy                   4
   d - Cigotuvi's Embrace             Necromancy                   5
   e - Death Channel                  Necromancy                   6
   f - Simulacrum                     Ice/Necromancy               6
   Trog disapproves of the use of such an item.
 u - a book of Spatial Translocations

   Spells                             Type                      Level
   a - Apportation                    Translocation                1
   b - Blink                          Translocation                2
   c - Shroud of Golubria             Charms/Translocation         2
   d - Portal Projectile              Translocation                3
   e - Teleport Other                 Translocation                3
   f - Passage of Golubria            Translocation                4
   Trog disapproves of the use of such an item.
Comestibles
 c - 5 bread rations
 p - a royal jelly
 v - a beef jerky
 z - 2 fruits


   Skills:
 + Level 3.6 Fighting
 + Level 3.6 Polearms
 + Level 2.4 Armour
 + Level 2.1 Dodging


You couldn't memorise any spells.
You didn't know any spells.

Dungeon Overview and Level Annotations

Branches:
Dungeon (11/15)              Lair (3/6) D:11
 Temple: D:1-2        Swamp: Lair:2-4    Shoals: Lair:2-4     Snake: Lair:2-4
 Spider: Lair:2-4       Orc: D:9-12

Altars:
Kikubaaqudgha
Okawaru


Innate Abilities, Weirdness & Mutations

You reflexively headbutt those who attack you in melee.
You have a pair of horns on your head.


Message History

You are exhausted.
You feel yourself slow down.
Found 18 gold pieces.
A gnoll comes into view. It is wielding a club.
The gnoll shouts!
A gnoll comes into view. It is wielding a flail.
The gnoll hits you with a flail. The gnoll hits you with a club.
The gnoll hits you with a flail!
Ouch! That really hurt!
* * * LOW HITPOINT WARNING * * *
The gnoll barely misses you. You furiously retaliate!
You headbutt the gnoll. The gnoll closely misses you.
You block the gnoll's attack.
You feel agile all of a sudden. The gnoll misses you. You furiously retaliate!
You headbutt the gnoll, but do no damage.
The gnoll misses you.
It was a potion of curing.
You feel better. The gnoll hits you but does no damage.
The gnoll hits you with a flail!
You die...

#.....g.. .......
#..... ##....
#..gg#+# P ###.....#
.. ##.P..#.## ####.#+
##.......#### .......
#.........@g##.......
##.......).g.........
#.........##........
#.......#####.......
##.......# #####.#
.......<.# #
.#.......# ##.######
##


You could see 2 gnolls.

Vanquished Creatures
  50 gnolls
50 creatures vanquished.

Vanquished Creatures (collateral kills)
  4 gnolls (D:11)
4 creatures vanquished.

Grand Total: 54 creatures vanquished

Notes
Turn   | Place    | Note
-------+----------+-------------------------------------------
     0 | D:1      | PurpleRed the Minotaur Berserker began the quest for the Orb.
     0 | D:1      | Reached XP level 1. HP: 19/19 MP: 0/0
   508 | D:3      | Found an iron altar of Okawaru.
   878 | D:5      | Entered Level 5 of the Dungeon
   937 | D:5      | Found an ancient bone altar of Kikubaaqudgha.
  2253 | D:10     | Entered Level 10 of the Dungeon
  2590 | D:11     | Reached ** piety under Trog
  2773 | D:11     | Found a staircase to the Lair.
  2855 | Lair:1   | Entered Level 1 of the Lair of Beasts
  3321 | Lair:2   | Got a smoking robe
  3479 | Lair:3   | Slain by a gnoll

Action                   || total
-------------------------++-------
Melee: Trident           ||    96
       Spear             ||    46
       Headbutt          ||    13
Throw: Throwing net      ||     1
Invok: Berserk           ||    37
  Use: Scroll            ||    15
       Potion            ||     2
Armor: Scale mail        ||     9
       Leather armour    ||     3
       Animal skin       ||     1
Dodge: Dodged            ||    34
Block: Other             ||     6
